Flames vs Capitals

Created - December 27, 2017 at 22:18

Goals
1 2 3 T
Flames 1 3 0 4
Capitals 0 4 2 6
Shots
1 2 3 T
Flames 9 12 8 29
Capitals 5 19 11 35

1st period

1. Flames , Steve Regier 5 (Colin Wilson 7) at 0:49

Penalties :
Michal Rozsival (Was) for Hooking (Minor) at 5:27, Brad Marchand (Cal) for High sticking (Minor) at 15:53

2nd period

2. Flames , David Backes 23 (Eric Staal 32, Alexander Semin 31) at 0:25 (PP)
3. Flames , Alexander Semin 17 (David Backes 28, Brendan Mikkelson 6) at 7:09
4. Capitals , Paul Martin 5 (Joe Thornton 23, Jaromir Jagr 19) at 8:41 (PP)
5. Capitals , T.J. Oshie 6 (Paul Martin 15, Patrick Marleau 13) at 13:35
6. Capitals , Joe Thornton 15 (Ondrej Palat 1) at 14:51 (PP)
7. Capitals , Jamie Benn 2 (Tyler Seguin 18) at 17:13
8. Flames , David Backes 24 (Eric Staal 33, Alexander Semin 32) at 19:12 (PP)

Penalties :
Ondrej Palat (Was) for Holding Stick (Minor) at 0:16, Eric Staal (Cal) for Tripping (Minor) at 8:36, Alexander Semin (Cal) for Hooking (Minor) at 9:03, David Backes (Cal) for Slashing (Minor) at 13:57, François Beauchemin (Was) for Holding (Minor) at 19:03

3rd period

9. Capitals , Tyler Seguin 8 (François Beauchemin 3, Jamie Benn 6) at 8:01 (PP)
10. Capitals , Chris Kunitz 5 (Brian Boyle 3) at 16:32

Penalties :
Steve Eminger (Cal) for Elbowing (Minor) at 1:35, Brad Marchand (Cal) for Tripping (Minor) at 7:11, Joe Thornton (Was) for High sticking (Minor) at 10:09, David Backes (Cal) for Cross-checking (Minor) at 13:07

Goalie Stats

Pekka Rinne (Cal), 29 saves from 35 shots - (0.829), L, 11-13-4, 60:00 minutes
Craig Anderson (Was), 25 saves from 29 shots - (0.862), W, 12-10-2, 60:00 minutes

Players Stats for Flames

Player Name              G  A  P  +/- PIM S  H  SB GA TA FO     MP     PP MP  PK MP  
------------------------------------------------------------------------------------
Alexander Semin          1  2  3   0  2   6  2  0  0  0  1/3    21:37   2:27   3:29 
Brad Marchand            0  0  0  -1  4   1  2  1  3  0  0/0    15:02   0:03   0:59 
Brendan Mikkelson        0  1  1   0  0   1  1  2  0  1  0/0    12:53   1:43   0:17 
Colin Wilson             0  1  1   1  0   0  1  1  0  0  7/9    11:05   0:00   0:00 
David Backes             2  1  3   0  4   7  1  0  0  1  1/2    18:24   2:27   0:00 
Derek Meech              0  0  0  -1  0   0  2  5  0  0  0/0    24:31   2:33   3:40 
Eric Staal               0  2  2   0  2   1  3  0  2  0  19/38  23:43   2:24   5:17 
Erik Johnson             0  0  0  -1  0   4  0  1  0  0  0/0    21:53   2:33   1:02 
Jonathan Ferland         0  0  0  -1  0   0  2  0  0  0  0/0     6:04   0:00   0:00 
Jordin Tootoo            0  0  0  -1  0   2  3  1  1  0  1/1    19:35   1:49   5:00 
Lubomir Visnovsky        0  0  0  -1  0   1  1  2  0  0  0/0    19:35   0:00   3:40 
Michel Ouellet           0  0  0   1  0   1  1  0  0  1  0/1    11:05   0:00   0:00 
Mikhail Grabovski        0  0  0  -1  0   0  1  1  1  0  3/10   10:33   0:00   4:28 
Noah Welch               0  0  0  -1  0   1  0  0  0  0  0/0     7:47   1:43   0:00 
Patrik Berglund          0  0  0  -1  0   1  0  0  0  1  6/13   14:35   1:49   0:00 
Ron Hainsey              0  0  0   1  0   0  0  0  0  2  0/0    17:16   0:00   6:05 
Steve Eminger            0  0  0   0  2   0  1  1  0  0  0/0    21:34   0:00   4:46 
Steve Regier             1  0  1   1  0   3  2  0  0  0  0/1    12:56   1:49   0:17 

Players Stats for Capitals

Player Name              G  A  P  +/- PIM S  H  SB GA TA FO     MP     PP MP  PK MP  
------------------------------------------------------------------------------------
Adam Larsson             0  0  0  -1  0   3  1  0  0  1  0/0    18:01   0:00   0:47 
Blake Wheeler            0  0  0   0  0   3  1  0  0  0  0/0    16:42   3:54   0:41 
Brian Boyle              0  1  1   1  0   0  0  1  0  0  5/10   11:38   0:00   1:01 
Chris Kunitz             1  0  1   1  0   3  1  0  2  0  0/0     7:19   0:11   0:11 
Christian Ehrhoff        0  0  0   0  0   0  0  0  0  0  0/0    13:11   0:00   1:49 
François Beauchemin      0  1  1   2  2   2  0  1  0  0  0/0    19:22   3:57   1:49 
Jamie Benn               1  1  2   0  0   2  2  0  1  1  2/2    19:59   3:54   0:00 
Jaromir Jagr             0  1  1   0  0   1  0  0  0  1  0/1    24:05   5:40   2:12 
Jay Beagle               0  0  0   0  0   0  0  2  0  0  0/2     6:22   0:00   0:00 
Joe Thornton             1  1  2   0  2   1  1  0  0  2  14/27  19:35   5:40   1:18 
Matt Irwin               0  0  0   0  0   0  0  3  0  0  0/0    12:08   0:00   0:00 
Michal Rozsival          0  0  0  -1  2   2  1  2  0  1  0/0    28:27   5:48   1:40 
Ondrej Palat             0  1  1   0  2   1  2  0  0  0  3/5    19:25   5:39   0:56 
Patrick Marleau          0  1  1   0  0   3  1  0  0  0  0/0    14:43   3:57   0:41 
Paul Martin              1  1  2   2  0   2  1  2  1  0  0/0    24:27   5:48   2:27 
Shane Doan               0  0  0   1  0   2  1  0  0  0  2/3     8:37   0:06   1:12 
T.J. Oshie               1  0  1   0  0   3  2  1  0  0  0/0    11:23   0:17   0:00 
Tyler Seguin             1  1  2   0  0   7  1  1  2  1  14/28  20:16   3:54   0:20 

3 Stars

1 - Paul Martin (Was)
2 - Alexander Semin (Cal)
3 - David Backes (Cal)

Power Play

Flames - 2 on 4 Attempt(s) - 50.00%
Capitals - 3 on 7 Attempt(s) - 42.86%

Penalty Kill

Flames - 4 on 7 Attempt(s) - 57.14% - Score 0 goal in Penalty Kill
Capitals - 2 on 4 Attempt(s) - 50.00% - Score 0 goal in Penalty Kill

Team Stat

Flames - Hits : 23 - Faceoff Wins : 38 - Blocked Shots : 15 - Penalty Minutes : 14
Capitals - Hits : 15 - Faceoff Wins : 40 - Blocked Shots : 13 - Penalty Minutes : 8

Official

Referees : Furlatt Eric and Devorski Paul
Linesman : Mike Cvik and Brad Lazarowich

Game Notes

12:43 of 3rd period - Capitals goal is going for a video replay. After video review, No Goal. The attacking player has interfered with a goalkeeper in his goal crease.

Finance

Level 1 -- Attendance: 6000 (100.00%) -- Ticket Income $492,000
Level 2 -- Attendance: 5000 (100.00%) -- Ticket Income $235,000
Level 3 -- Attendance: 1895 (94.75%) -- Ticket Income $60,640
Level 4 -- Attendance: 3795 (94.88%) -- Ticket Income $79,695
Luxury Box -- Attendance: 783 (78.30%) -- Ticket Income $131,544
Game was played at the Verizon Center.
Total Attendance: 17473 (97.07%)
Total Ticket Income: $998,879
Other Income: $149,832
Total Income: $1,148,711

Flames

5 vs 5 Forward 
   Center                   Left Wing                Right Wing               Time % Phy DF OF 
 1 Eric Staal               Alexander Semin          David Backes             41     1   2  2  
 2 Patrik Berglund          Brad Marchand            Jordin Tootoo            33     1   2  2  
 3 Colin Wilson             Steve Regier             Michel Ouellet           18     1   2  2  
 4 Mikhail Grabovski        Noah Welch               Jonathan Ferland         8      1   2  2  

5 vs 5 Defense 
   Defense                  Defense                                           Time % Phy DF OF 
 1 Derek Meech              Erik Johnson                                      38     1   2  2  
 2 Lubomir Visnovsky        Steve Eminger                                     29     1   2  2  
 3 Ron Hainsey              Brendan Mikkelson                                 23     1   2  2  
 4 Lubomir Visnovsky        Steve Eminger                                     10     1   2  2  

PowerPlay Forward 
   Center                   Left Wing                Right Wing               Time % Phy DF OF 
 1 Eric Staal               Alexander Semin          David Backes             60     1   1  3  
 2 Patrik Berglund          Steve Regier             Jordin Tootoo            40     1   1  3  

PowerPlay Defense
   Defense                  Defense                                           Time % Phy DF OF 
 1 Derek Meech              Erik Johnson                                      60     1   1  3  
 2 Noah Welch               Brendan Mikkelson                                 40     1   1  3  

Penalty Kill 4 Players Forward 
   Center                   Wing                     Time % Phy DF OF 
 1 Mikhail Grabovski        Alexander Semin          50     1   3  1  
 2 Eric Staal               Jordin Tootoo            50     1   3  1  

Penalty Kill 4 Players Defense
   Defense                  Defense                  Time % Phy DF OF 
 1 Ron Hainsey              Steve Eminger            58     1   3  1  
 2 Derek Meech              Lubomir Visnovsky        42     1   3  1  

Penalty Kill - 3 Players Forward 
   Forward                                           Time % Phy DF OF 
 1 Eric Staal                                        50     1   3  1  
 2 Alexander Semin                                   50     1   3  1  

Penalty Kill - 3 Players Defense
   Defense                  Defense                  Time % Phy DF OF 
 1 Ron Hainsey              Steve Eminger            58     1   3  1  
 2 Derek Meech              Lubomir Visnovsky        42     1   3  1  

4 vs 4 Forward 
   Center                   Wing                     Time % Phy DF OF 
 1 Eric Staal               Alexander Semin          60     1   2  2  
 2 Patrik Berglund          Jordin Tootoo            40     1   2  2  

4 vs 4 Defense
   Defense                  Defense                  Time % Phy DF OF 
 1 Derek Meech              Erik Johnson             60     1   2  2  
 2 Ron Hainsey              Steve Eminger            40     1   2  2  

Last Minutes Offensive
   Center                   Left Wing                Right Wing               Defense                  Defense                  
   Eric Staal               Alexander Semin          David Backes             Derek Meech              Erik Johnson             

Last Minutes Defensive
   Center                   Left Wing                Right Wing               Defense                  Defense                  
   Eric Staal               Alexander Semin          David Backes             Derek Meech              Erik Johnson             

Goaltenders
Starting : Pekka Rinne              
Backup : Josh Harding             

Extra Forwards
Normal : Brad Marchand, Jordin Tootoo, Patrik Berglund - PP : Brad Marchand, Jordin Tootoo - PK : Brad Marchand
Extra Defensemen
Normal : Derek Meech, Steve Eminger, Lubomir Visnovsky - PP : Derek Meech - PK : Erik Johnson, Derek Meech
Penalty Shots
Eric Staal, Alexander Semin, David Backes, Patrik Berglund, Colin Wilson

Scratches
Marcel Goc (Healthy)

Capitals

5 vs 5 Forward 
   Center                   Left Wing                Right Wing               Time % Phy DF OF 
 1 Tyler Seguin             Jamie Benn               Jaromir Jagr             40     1   2  2  
 2 Joe Thornton             Ondrej Palat             Blake Wheeler            30     1   2  2  
 3 Brian Boyle              Patrick Marleau          T.J. Oshie               20     1   2  2  
 4 Jay Beagle               Chris Kunitz             Shane Doan               10     1   2  2  

5 vs 5 Defense 
   Defense                  Defense                                           Time % Phy DF OF 
 1 Michal Rozsival          Adam Larsson                                      40     1   2  2  
 2 Paul Martin              François Beauchemin                               30     1   2  2  
 3 Matt Irwin               Christian Ehrhoff                                 20     1   2  2  
 4 Michal Rozsival          Paul Martin                                       10     1   2  2  

PowerPlay Forward 
   Center                   Left Wing                Right Wing               Time % Phy DF OF 
 1 Joe Thornton             Ondrej Palat             Jaromir Jagr             60     1   2  2  
 2 Tyler Seguin             Jamie Benn               Blake Wheeler            40     1   2  2  

PowerPlay Defense
   Defense                  Defense                                           Time % Phy DF OF 
 1 Michal Rozsival          Paul Martin                                       60     1   2  2  
 2 Patrick Marleau          François Beauchemin                               40     1   2  2  

Penalty Kill 4 Players Forward 
   Center                   Wing                     Time % Phy DF OF 
 1 Joe Thornton             Jaromir Jagr             60     1   2  2  
 2 Blake Wheeler            Patrick Marleau          40     1   2  2  

Penalty Kill 4 Players Defense
   Defense                  Defense                  Time % Phy DF OF 
 1 Michal Rozsival          Paul Martin              60     1   2  2  
 2 Christian Ehrhoff        François Beauchemin      40     1   2  2  

Penalty Kill - 3 Players Forward 
   Forward                                           Time % Phy DF OF 
 1 Joe Thornton                                      60     1   2  2  
 2 Jaromir Jagr                                      40     1   2  2  

Penalty Kill - 3 Players Defense
   Defense                  Defense                  Time % Phy DF OF 
 1 Michal Rozsival          Paul Martin              60     1   2  2  
 2 Christian Ehrhoff        François Beauchemin      40     1   2  2  

4 vs 4 Forward 
   Center                   Wing                     Time % Phy DF OF 
 1 Joe Thornton             Jaromir Jagr             60     1   2  2  
 2 Blake Wheeler            Patrick Marleau          40     1   2  2  

4 vs 4 Defense
   Defense                  Defense                  Time % Phy DF OF 
 1 Michal Rozsival          Paul Martin              60     1   2  2  
 2 Christian Ehrhoff        François Beauchemin      40     1   2  2  

Last Minutes Offensive
   Center                   Left Wing                Right Wing               Defense                  Defense                  
   Joe Thornton             Patrick Marleau          Jaromir Jagr             Michal Rozsival          Paul Martin              

Last Minutes Defensive
   Center                   Left Wing                Right Wing               Defense                  Defense                  
   Joe Thornton             Patrick Marleau          Jaromir Jagr             Michal Rozsival          Paul Martin              

Goaltenders
Starting : Craig Anderson           
Backup : Jake Allen               

Extra Forwards
Normal : T.J. Oshie, Chris Kunitz, Shane Doan - PP : T.J. Oshie, Chris Kunitz - PK : Shane Doan
Extra Defensemen
Normal : Paul Martin, François Beauchemin, Christian Ehrhoff - PP : Adam Larsson - PK : François Beauchemin, Christian Ehrhoff
Penalty Shots
Joe Thornton, Jaromir Jagr, Blake Wheeler, Patrick Marleau, Jamie Benn

Scratches
Matt Carle (Separated Left Shoulder Injury)

% Time on Ice - Flames

Lines # - Real PCT - Wanted PCT - Time Play
Normal Forward
1 - 34% - 41% - 15:42
2 - 29% - 33% - 13:08
3 - 24% - 18% - 11:05
4 - 13% - 8% - 6:04
Normal Defense
1 - 42% - 38% - 19:25
2 - 29% - 29% - 13:27
3 - 22% - 23% - 10:17
4 - 6% - 10% - 2:50
PP Forward
1 - 57% - 60% - 2:27
2 - 43% - 40% - 1:49
PP Defense
1 - 60% - 60% - 2:33
2 - 40% - 40% - 1:43
PK Forward
1 - 49% - 50% - 4:45
2 - 51% - 50% - 5:00
PK Defense
1 - 62% - 58% - 6:05
2 - 38% - 42% - 3:40
PK3 Forward
1 - 0% - 50%
2 - 0% - 50%
PK3 Defense
1 - 0% - 58%
2 - 0% - 42%
44 Forward
1 - 0% - 60%
2 - 0% - 40%
44 Defense
1 - 0% - 60%
2 - 0% - 40%
Last Minute Offensive  - 0:00
Last Minute Defensive  - 0:00
Total
Forward - 60:00
Defense - 60:00

% Time on Ice - Capitals

Lines # - Real PCT - Wanted PCT - Time Play
Normal Forward
1 - 36% - 40% - 16:33
2 - 28% - 30% - 12:43
3 - 23% - 20% - 10:21
4 - 14% - 10% - 6:22
Normal Defense
1 - 40% - 40% - 18:15
2 - 28% - 30% - 13:03
3 - 25% - 20% - 11:22
4 - 7% - 10% - 3:19
PP Forward
1 - 60% - 60% - 5:51
2 - 40% - 40% - 3:54
PP Defense
1 - 59% - 60% - 5:48
2 - 41% - 40% - 3:57
PK Forward
1 - 84% - 60% - 3:35
2 - 16% - 40% - 0:41
PK Defense
1 - 57% - 60% - 2:27
2 - 43% - 40% - 1:49
PK3 Forward
1 - 0% - 60%
2 - 0% - 40%
PK3 Defense
1 - 0% - 60%
2 - 0% - 40%
44 Forward
1 - 0% - 60%
2 - 0% - 40%
44 Defense
1 - 0% - 60%
2 - 0% - 40%
Last Minute Offensive  - 0:00
Last Minute Defensive  - 0:00
Total
Forward - 60:00
Defense - 60:00

Play by Play

1st period


0:01 of 1st period - Eric Staal wins face-off versus Jaromir Jagr in neutral zone.
0:38 of 1st period - Snap shot by Jordin Tootoo.
0:38 of 1st period - Stopped by Craig Anderson with a rebound.
0:40 of 1st period - Slapshot by Lubomir Visnovsky.
0:40 of 1st period - Deflect By Michal Rozsival.
0:40 of 1st period - Stopped by Craig Anderson with a rebound.
0:47 of 1st period - Icing by Blake Wheeler.
0:48 of 1st period - Colin Wilson wins face-off versus Brian Boyle in Capitals zone.
0:49 of 1st period - Wrist shot by Steve Regier.
0:49 of 1st period - Goal by Steve Regier - Flames : 1 - Capitals : 0.
0:50 of 1st period - Mikhail Grabovski wins face-off versus Brian Boyle in neutral zone.
1:02 of 1st period - Snap shot by Patrick Marleau.
1:02 of 1st period - Stopped by Pekka Rinne with a rebound.
1:04 of 1st period - Snap shot by T.J. Oshie.
1:04 of 1st period - Stopped by Pekka Rinne with a rebound.
1:06 of 1st period - Snap shot by T.J. Oshie.
1:06 of 1st period - Shot Misses the Net.
1:47 of 1st period - Snap shot by Eric Staal.
1:47 of 1st period - Shot Blocked by Matt Irwin.
2:17 of 1st period - Joe Thornton is hit by Jordin Tootoo and loses puck.
2:50 of 1st period - Wrist shot by Jordin Tootoo.
2:50 of 1st period - Shot Misses the Net.
3:10 of 1st period - Slapshot by Patrik Berglund.
3:10 of 1st period - Deflect By Jordin Tootoo.
3:10 of 1st period - Shot Misses the Net.
3:10 of 1st period - Puck is out of play.
3:11 of 1st period - Tyler Seguin wins face-off versus Eric Staal in Capitals zone.
3:25 of 1st period - Snap shot by Alexander Semin.
3:25 of 1st period - Shot Blocked by François Beauchemin.
4:23 of 1st period - Adam Larsson is hit by Eric Staal.
4:42 of 1st period - Michel Ouellet is hit by Patrick Marleau and loses puck.
5:03 of 1st period - Jaromir Jagr is hit by Jonathan Ferland and loses puck.
5:27 of 1st period - Minor Penalty to Michal Rozsival for Hooking.
5:28 of 1st period - Joe Thornton wins face-off versus Eric Staal in Capitals zone.
5:55 of 1st period - Patrick Marleau is hit by Steve Regier and loses puck.
7:27 of 1st period - Penalty to Michal Rozsival is over, Michal Rozsival is back on ice.
8:15 of 1st period - Off-side.
8:16 of 1st period - Eric Staal wins face-off versus Joe Thornton in neutral zone.
9:10 of 1st period - Slapshot by Jaromir Jagr.
9:10 of 1st period - Deflect By Tyler Seguin.
9:10 of 1st period - Stopped by Pekka Rinne without a rebound.
9:11 of 1st period - Tyler Seguin wins face-off versus Eric Staal in Flames zone.
9:16 of 1st period - Wrist shot by Jamie Benn.
9:16 of 1st period - Deflect By Jaromir Jagr.
9:16 of 1st period - Shot Blocked by Derek Meech.
9:16 of 1st period - Puck is out of play.
9:17 of 1st period - Eric Staal wins face-off versus Tyler Seguin in Flames zone.
10:13 of 1st period - Slapshot by Erik Johnson.
10:13 of 1st period - Shot Misses the Net.
10:51 of 1st period - Wrist shot by Jamie Benn.
10:51 of 1st period - Shot Misses the Net.
10:53 of 1st period - Slapshot by François Beauchemin.
10:53 of 1st period - Stopped by Pekka Rinne with a rebound.
10:55 of 1st period - Snap shot by Tyler Seguin.
10:55 of 1st period - Stopped by Pekka Rinne without a rebound.
10:56 of 1st period - Patrik Berglund wins face-off versus Joe Thornton in Flames zone.
12:02 of 1st period - Snap shot by Jordin Tootoo.
12:02 of 1st period - Deflect By Patrik Berglund.
12:02 of 1st period - Shot Blocked by T.J. Oshie.
12:02 of 1st period - Puck is out of play.
12:03 of 1st period - Patrik Berglund wins face-off versus Tyler Seguin in Capitals zone.
12:08 of 1st period - Snap shot by Brad Marchand.
12:08 of 1st period - Stopped by Craig Anderson without a rebound.
12:09 of 1st period - Tyler Seguin wins face-off versus Eric Staal in Capitals zone.
12:14 of 1st period - Snap shot by David Backes.
12:14 of 1st period - Stopped by Craig Anderson without a rebound.
12:15 of 1st period - Eric Staal wins face-off versus Tyler Seguin in Capitals zone.
12:16 of 1st period - Snap shot by Alexander Semin.
12:16 of 1st period - Stopped by Craig Anderson with a rebound.
13:08 of 1st period - Slapshot by T.J. Oshie.
13:08 of 1st period - Shot Blocked by Derek Meech.
13:11 of 1st period - Icing by Erik Johnson.
13:12 of 1st period - Tyler Seguin wins face-off versus Michel Ouellet in Flames zone.
13:56 of 1st period - Wrist shot by Steve Regier.
13:56 of 1st period - Shot Misses the Net.
14:16 of 1st period - Slapshot by Jordin Tootoo.
14:16 of 1st period - Deflect By Brad Marchand.
14:16 of 1st period - Shot Blocked by Paul Martin.
14:16 of 1st period - Puck is out of play.
14:17 of 1st period - Tyler Seguin wins face-off versus Patrik Berglund in Capitals zone.
14:17 of 1st period - Tyler Seguin is hit by Jordin Tootoo.
14:25 of 1st period - Snap shot by Tyler Seguin.
14:25 of 1st period - Shot Blocked by Brad Marchand.
14:43 of 1st period - Alexander Semin is hit by Adam Larsson and loses puck.
14:56 of 1st period - Wrist shot by Joe Thornton.
14:56 of 1st period - Shot Blocked by Derek Meech.
15:06 of 1st period - Snap shot by David Backes.
15:06 of 1st period - Stopped by Craig Anderson without a rebound.
15:07 of 1st period - Mikhail Grabovski wins face-off versus Brian Boyle in Capitals zone.
15:44 of 1st period - Snap shot by T.J. Oshie.
15:44 of 1st period - Shot Misses the Net.
15:53 of 1st period - Minor Penalty to Brad Marchand for High sticking.
15:54 of 1st period - Joe Thornton wins face-off versus Mikhail Grabovski in Flames zone.
17:28 of 1st period - Blake Wheeler is hit by Mikhail Grabovski and loses puck.
17:53 of 1st period - Penalty to Brad Marchand is over, Brad Marchand is back on ice.
18:14 of 1st period - Off-side.
18:15 of 1st period - Colin Wilson wins face-off versus Ondrej Palat in neutral zone.
18:18 of 1st period - Slapshot by Erik Johnson.
18:18 of 1st period - Stopped by Craig Anderson without a rebound.
18:19 of 1st period - Colin Wilson wins face-off versus Ondrej Palat in Capitals zone.
18:20 of 1st period - Slapshot by Erik Johnson.
18:20 of 1st period - Stopped by Craig Anderson with a rebound.
18:22 of 1st period - Wrist shot by Michel Ouellet.
18:22 of 1st period - Shot Misses the Net.
18:24 of 1st period - Snap shot by Steve Regier.
18:24 of 1st period - Deflect By Colin Wilson.
18:24 of 1st period - Shot Blocked by Michal Rozsival.
18:24 of 1st period - Puck is out of play.
18:25 of 1st period - Colin Wilson wins face-off versus Tyler Seguin in Capitals zone.
18:30 of 1st period - Snap shot by Colin Wilson.
18:30 of 1st period - Shot Misses the Net.
18:40 of 1st period - Slapshot by Jaromir Jagr.
18:40 of 1st period - Shot Misses the Net.
18:46 of 1st period - Michal Rozsival is hit by Steve Regier and loses puck.
Goals for this period are 1 for Flames vs 0 for Capitals.
Shots for this period are 9 for Flames vs 5 for Capitals.

2nd period


0:01 of 2nd period - Joe Thornton wins face-off versus Eric Staal in neutral zone.
0:03 of 2nd period - Off-side.
0:04 of 2nd period - Joe Thornton wins face-off versus Eric Staal in neutral zone.
0:16 of 2nd period - Minor Penalty to Ondrej Palat for Holding Stick.
0:17 of 2nd period - Eric Staal wins face-off versus Joe Thornton in Capitals zone.
0:25 of 2nd period - Wrist shot by David Backes.
0:25 of 2nd period - Goal by David Backes - Flames : 2 - Capitals : 0.
0:26 of 2nd period - Joe Thornton wins face-off versus Eric Staal in neutral zone.
0:37 of 2nd period - Joe Thornton is hit by Alexander Semin and loses puck.
0:42 of 2nd period - Wrist shot by David Backes.
0:42 of 2nd period - Shot Misses the Net.
1:13 of 2nd period - Snap shot by Chris Kunitz.
1:13 of 2nd period - Stopped by Pekka Rinne with a rebound.
1:34 of 2nd period - Brian Boyle is hit by Alexander Semin and loses puck.
1:55 of 2nd period - Snap shot by Colin Wilson.
1:55 of 2nd period - Deflect By Christian Ehrhoff.
1:55 of 2nd period - Shot Blocked by Matt Irwin.
1:55 of 2nd period - Puck is out of play.
1:56 of 2nd period - Ondrej Palat wins face-off versus Steve Regier in Capitals zone.
2:29 of 2nd period - Slapshot by Tyler Seguin.
2:29 of 2nd period - Stopped by Pekka Rinne without a rebound.
2:30 of 2nd period - Ondrej Palat wins face-off versus Eric Staal in Flames zone.
2:55 of 2nd period - Jaromir Jagr is hit by Brad Marchand and loses puck.
3:18 of 2nd period - Snap shot by Steve Regier.
3:18 of 2nd period - Stopped by Craig Anderson without a rebound.
3:19 of 2nd period - Colin Wilson wins face-off versus Joe Thornton in Capitals zone.
3:54 of 2nd period - Snap shot by Michal Rozsival.
3:54 of 2nd period - Stopped by Pekka Rinne without a rebound.
3:55 of 2nd period - Patrik Berglund wins face-off versus Joe Thornton in Flames zone.
3:55 of 2nd period - Derek Meech is hit by Joe Thornton and loses puck.
4:01 of 2nd period - Erik Johnson is hit by Blake Wheeler and loses puck.
4:06 of 2nd period - Wrist shot by Jordin Tootoo.
4:06 of 2nd period - Shot Misses the Net.
4:08 of 2nd period - Snap shot by Erik Johnson.
4:08 of 2nd period - Stopped by Craig Anderson without a rebound.
4:09 of 2nd period - Tyler Seguin wins face-off versus Eric Staal in Capitals zone.
4:44 of 2nd period - Snap shot by Jordin Tootoo.
4:44 of 2nd period - Shot Misses the Net.
4:46 of 2nd period - Slapshot by Lubomir Visnovsky.
4:46 of 2nd period - Shot Misses the Net.
5:20 of 2nd period - Snap shot by Shane Doan.
5:20 of 2nd period - Stopped by Pekka Rinne without a rebound.
5:21 of 2nd period - Shane Doan wins face-off versus Mikhail Grabovski in Flames zone.
5:32 of 2nd period - Snap shot by Jonathan Ferland.
5:32 of 2nd period - Shot Misses the Net.
5:42 of 2nd period - Wrist shot by Noah Welch.
5:42 of 2nd period - Stopped by Craig Anderson with a rebound.
5:44 of 2nd period - Wrist shot by Jonathan Ferland.
5:44 of 2nd period - Shot Blocked by Jay Beagle.
5:50 of 2nd period - Wrist shot by Shane Doan.
5:50 of 2nd period - Stopped by Pekka Rinne without a rebound.
5:51 of 2nd period - Tyler Seguin wins face-off versus Alexander Semin in Flames zone.
7:01 of 2nd period - Snap shot by T.J. Oshie.
7:01 of 2nd period - Shot Misses the Net.
7:07 of 2nd period - Wrist shot by David Backes.
7:07 of 2nd period - Stopped by Craig Anderson with a rebound.
7:09 of 2nd period - Wrist shot by Alexander Semin.
7:09 of 2nd period - Goal by Alexander Semin - Flames : 3 - Capitals : 0.
7:10 of 2nd period - Tyler Seguin wins face-off versus Eric Staal in neutral zone.
7:14 of 2nd period - Paul Martin is hit by Steve Eminger.
7:20 of 2nd period - Wrist shot by Jaromir Jagr.
7:20 of 2nd period - Stopped by Pekka Rinne without a rebound.
7:21 of 2nd period - Eric Staal wins face-off versus Tyler Seguin in Flames zone.
7:58 of 2nd period - Backhand shot by David Backes.
7:58 of 2nd period - Deflect By Alexander Semin.
7:58 of 2nd period - Shot Hit the Post.
7:58 of 2nd period - Puck is out of play.
7:59 of 2nd period - Patrik Berglund wins face-off versus Tyler Seguin in Capitals zone.
8:11 of 2nd period - Off-side.
8:12 of 2nd period - Jamie Benn wins face-off versus Patrik Berglund in neutral zone.
8:25 of 2nd period - Snap shot by Tyler Seguin.
8:25 of 2nd period - Stopped by Pekka Rinne without a rebound.
8:26 of 2nd period - Joe Thornton wins face-off versus Alexander Semin in Flames zone.
8:33 of 2nd period - Snap shot by Blake Wheeler.
8:33 of 2nd period - Stopped by Pekka Rinne without a rebound.
8:34 of 2nd period - Eric Staal wins face-off versus Joe Thornton in Flames zone.
8:36 of 2nd period - Minor Penalty to Eric Staal for Tripping.
8:37 of 2nd period - Joe Thornton wins face-off versus Mikhail Grabovski in Flames zone.
8:41 of 2nd period - Snap shot by Paul Martin.
8:41 of 2nd period - Goal by Paul Martin - Flames : 3 - Capitals : 1.
8:42 of 2nd period - Eric Staal wins face-off versus Tyler Seguin in neutral zone.
9:03 of 2nd period - Minor Penalty to Alexander Semin for Hooking.
9:04 of 2nd period - Joe Thornton wins face-off versus Mikhail Grabovski in Flames zone.
11:01 of 2nd period - Steve Eminger is hit by Michal Rozsival and loses puck.
11:03 of 2nd period - Penalty to Alexander Semin is over, Alexander Semin is back on ice.
11:11 of 2nd period - Off-side.
11:12 of 2nd period - Colin Wilson wins face-off versus Jay Beagle in neutral zone.
11:26 of 2nd period - Shane Doan is hit by Michel Ouellet and loses puck.
11:37 of 2nd period - Snap shot by Shane Doan.
11:37 of 2nd period - Shot Blocked by Derek Meech.
11:39 of 2nd period - Slapshot by Patrick Marleau.
11:39 of 2nd period - Shot Misses the Net.
11:41 of 2nd period - Slapshot by Christian Ehrhoff.
11:41 of 2nd period - Deflect By T.J. Oshie.
11:41 of 2nd period - Shot Misses the Net.
11:41 of 2nd period - Puck is out of play.
11:42 of 2nd period - Brian Boyle wins face-off versus Eric Staal in Flames zone.
11:43 of 2nd period - Slapshot by T.J. Oshie.
11:43 of 2nd period - Stopped by Pekka Rinne with a rebound.
11:45 of 2nd period - Snap shot by Adam Larsson.
11:45 of 2nd period - Stopped by Pekka Rinne without a rebound.
11:46 of 2nd period - Tyler Seguin wins face-off versus Eric Staal in Flames zone.
12:19 of 2nd period - Snap shot by Joe Thornton.
12:19 of 2nd period - Shot Misses the Net.
12:21 of 2nd period - Snap shot by Joe Thornton.
12:21 of 2nd period - Shot Misses the Net.
12:23 of 2nd period - Slapshot by Adam Larsson.
12:23 of 2nd period - Shot Blocked by Steve Eminger.
13:16 of 2nd period - François Beauchemin is hit by Eric Staal and loses puck.
13:35 of 2nd period - Snap shot by T.J. Oshie.
13:35 of 2nd period - Goal by T.J. Oshie - Flames : 3 - Capitals : 2.
13:36 of 2nd period - Eric Staal wins face-off versus Tyler Seguin in neutral zone.
13:41 of 2nd period - Slapshot by Erik Johnson.
13:41 of 2nd period - Stopped by Craig Anderson with a rebound.
13:57 of 2nd period - Minor Penalty to David Backes for Slashing.
13:58 of 2nd period - Eric Staal wins face-off versus Joe Thornton in Flames zone.
14:13 of 2nd period - Slapshot by Michal Rozsival.
14:13 of 2nd period - Stopped by Pekka Rinne with a rebound.
14:34 of 2nd period - Off-side.
14:35 of 2nd period - Eric Staal wins face-off versus Joe Thornton in neutral zone.
14:40 of 2nd period - Patrick Marleau is hit by Lubomir Visnovsky and loses puck.
14:51 of 2nd period - Snap shot by Joe Thornton.
14:51 of 2nd period - Goal by Joe Thornton - Flames : 3 - Capitals : 3.
14:52 of 2nd period - Eric Staal wins face-off versus Tyler Seguin in neutral zone.
14:55 of 2nd period - Snap shot by Alexander Semin.
14:55 of 2nd period - Stopped by Craig Anderson with a rebound.
15:10 of 2nd period - Icing by Jamie Benn.
15:11 of 2nd period - Patrik Berglund wins face-off versus Tyler Seguin in Capitals zone.
15:46 of 2nd period - Snap shot by Jamie Benn.
15:46 of 2nd period - Shot Blocked by Erik Johnson.
15:48 of 2nd period - Wrist shot by Tyler Seguin.
15:48 of 2nd period - Stopped by Pekka Rinne without a rebound.
15:49 of 2nd period - Ondrej Palat wins face-off versus Patrik Berglund in Flames zone.
16:06 of 2nd period - Blake Wheeler is hit by Brad Marchand and loses puck.
16:19 of 2nd period - Snap shot by Patrick Marleau.
16:19 of 2nd period - Shot Misses the Net.
16:43 of 2nd period - Snap shot by Chris Kunitz.
16:43 of 2nd period - Stopped by Pekka Rinne without a rebound.
16:44 of 2nd period - Joe Thornton wins face-off versus Patrik Berglund in Flames zone.
16:53 of 2nd period - Snap shot by Ondrej Palat.
16:53 of 2nd period - Deflect By Brad Marchand.
16:53 of 2nd period - Shot Hit the Post.
16:53 of 2nd period - Puck is out of play.
16:54 of 2nd period - Patrik Berglund wins face-off versus Joe Thornton in Flames zone.
17:07 of 2nd period - Wrist shot by Blake Wheeler.
17:07 of 2nd period - Stopped by Pekka Rinne without a rebound.
17:08 of 2nd period - Tyler Seguin wins face-off versus Eric Staal in Flames zone.
17:13 of 2nd period - Snap shot by Jamie Benn.
17:13 of 2nd period - Goal by Jamie Benn - Flames : 3 - Capitals : 4.
17:14 of 2nd period - Alexander Semin wins face-off versus Tyler Seguin in neutral zone.
18:08 of 2nd period - Slapshot by Noah Welch.
18:08 of 2nd period - Shot Blocked by Brian Boyle.
18:28 of 2nd period - Wrist shot by Shane Doan.
18:28 of 2nd period - Shot Blocked by Derek Meech.
18:56 of 2nd period - Slapshot by Eric Staal.
18:56 of 2nd period - Stopped by Craig Anderson with a rebound.
18:58 of 2nd period - Wrist shot by Alexander Semin.
18:58 of 2nd period - Stopped by Craig Anderson with a rebound.
19:00 of 2nd period - Slapshot by Alexander Semin.
19:00 of 2nd period - Stopped by Craig Anderson without a rebound.
19:01 of 2nd period - Tyler Seguin wins face-off versus Patrik Berglund in Capitals zone.
19:03 of 2nd period - Minor Penalty to François Beauchemin for Holding.
19:04 of 2nd period - Eric Staal wins face-off versus Joe Thornton in Capitals zone.
19:06 of 2nd period - Snap shot by Eric Staal.
19:06 of 2nd period - Shot Misses the Net.
19:12 of 2nd period - Snap shot by David Backes.
19:12 of 2nd period - Goal by David Backes - Flames : 4 - Capitals : 4.
19:13 of 2nd period - Tyler Seguin wins face-off versus Eric Staal in neutral zone.
19:22 of 2nd period - Michal Rozsival is hit by David Backes and loses puck.
19:47 of 2nd period - Snap shot by Blake Wheeler.
19:47 of 2nd period - Shot Misses the Net.
19:49 of 2nd period - Slapshot by Blake Wheeler.
19:49 of 2nd period - Stopped by Pekka Rinne without a rebound.
19:50 of 2nd period - Jordin Tootoo wins face-off versus Joe Thornton in Flames zone.
Goals for this period are 3 for Flames vs 4 for Capitals.
Shots for this period are 12 for Flames vs 19 for Capitals.

3rd period


0:01 of 3rd period - Eric Staal wins face-off versus Tyler Seguin in neutral zone.
0:26 of 3rd period - Jordin Tootoo is hit by Paul Martin.
1:08 of 3rd period - Matt Irwin is hit by Jonathan Ferland.
1:12 of 3rd period - Snap shot by Jonathan Ferland.
1:12 of 3rd period - Deflect By Mikhail Grabovski.
1:12 of 3rd period - Shot Blocked by Jay Beagle.
1:12 of 3rd period - Puck is out of play.
1:13 of 3rd period - Jamie Benn wins face-off versus Eric Staal in Capitals zone.
1:18 of 3rd period - Steve Eminger is hit by Jamie Benn and loses puck.
1:29 of 3rd period - Snap shot by Jamie Benn.
1:29 of 3rd period - Shot Misses the Net.
1:35 of 3rd period - Minor Penalty to Steve Eminger for Elbowing.
1:36 of 3rd period - Joe Thornton wins face-off versus Eric Staal in Flames zone.
2:06 of 3rd period - Off-side.
2:07 of 3rd period - Mikhail Grabovski wins face-off versus Joe Thornton in neutral zone.
2:41 of 3rd period - Backhand shot by Blake Wheeler.
2:41 of 3rd period - Shot Misses the Net.
2:43 of 3rd period - Wrist shot by Blake Wheeler.
2:43 of 3rd period - Shot Blocked by Jordin Tootoo.
2:45 of 3rd period - Slapshot by Patrick Marleau.
2:45 of 3rd period - Stopped by Pekka Rinne with a rebound.
3:35 of 3rd period - Penalty to Steve Eminger is over, Steve Eminger is back on ice.
3:49 of 3rd period - Colin Wilson is hit by Shane Doan and loses puck.
3:56 of 3rd period - Shane Doan is hit by Colin Wilson and loses puck.
4:21 of 3rd period - Christian Ehrhoff is hit by Derek Meech and loses puck.
4:34 of 3rd period - Steve Eminger is hit by Tyler Seguin and loses puck.
4:47 of 3rd period - Chris Kunitz is hit by Eric Staal.
5:21 of 3rd period - Snap shot by Brad Marchand.
5:21 of 3rd period - Shot Misses the Net.
5:23 of 3rd period - Slapshot by Brendan Mikkelson.
5:23 of 3rd period - Stopped by Craig Anderson with a rebound.
5:53 of 3rd period - Wrist shot by Jordin Tootoo.
5:53 of 3rd period - Stopped by Craig Anderson without a rebound.
5:54 of 3rd period - Eric Staal wins face-off versus Jay Beagle in Capitals zone.
6:09 of 3rd period - Lubomir Visnovsky is hit by Chris Kunitz and loses puck.
6:20 of 3rd period - Lubomir Visnovsky is hit by T.J. Oshie and loses puck.
6:49 of 3rd period - Snap shot by Alexander Semin.
6:49 of 3rd period - Stopped by Craig Anderson without a rebound.
6:50 of 3rd period - Colin Wilson wins face-off versus Tyler Seguin in Capitals zone.
7:02 of 3rd period - Slapshot by Jamie Benn.
7:02 of 3rd period - Shot Blocked by Colin Wilson.
7:04 of 3rd period - Snap shot by Tyler Seguin.
7:04 of 3rd period - Stopped by Pekka Rinne with a rebound.
7:06 of 3rd period - Slapshot by Adam Larsson.
7:06 of 3rd period - Stopped by Pekka Rinne without a rebound.
7:07 of 3rd period - Joe Thornton wins face-off versus Patrik Berglund in Flames zone.
7:11 of 3rd period - Minor Penalty to Brad Marchand for Tripping.
7:12 of 3rd period - Joe Thornton wins face-off versus Mikhail Grabovski in Flames zone.
7:38 of 3rd period - Alexander Semin is hit by Ondrej Palat and loses puck.
7:53 of 3rd period - Snap shot by Paul Martin.
7:53 of 3rd period - Stopped by Pekka Rinne without a rebound.
7:54 of 3rd period - Tyler Seguin wins face-off versus Eric Staal in Flames zone.
7:55 of 3rd period - Snap shot by Jamie Benn.
7:55 of 3rd period - Shot Misses the Net.
7:57 of 3rd period - Wrist shot by Jamie Benn.
7:57 of 3rd period - Shot Misses the Net.
7:59 of 3rd period - Slapshot by François Beauchemin.
7:59 of 3rd period - Stopped by Pekka Rinne with a rebound.
8:01 of 3rd period - Snap shot by Tyler Seguin.
8:01 of 3rd period - Goal by Tyler Seguin - Flames : 4 - Capitals : 5.
8:02 of 3rd period - Eric Staal wins face-off versus Tyler Seguin in neutral zone.
8:09 of 3rd period - Snap shot by David Backes.
8:09 of 3rd period - Stopped by Craig Anderson with a rebound.
8:43 of 3rd period - Icing by Lubomir Visnovsky.
8:44 of 3rd period - Brian Boyle wins face-off versus Patrik Berglund in Flames zone.
8:53 of 3rd period - Snap shot by Brad Marchand.
8:53 of 3rd period - Shot Blocked by Michal Rozsival.
8:55 of 3rd period - Wrist shot by Patrik Berglund.
8:55 of 3rd period - Stopped by Craig Anderson with a rebound.
8:57 of 3rd period - Snap shot by Jordin Tootoo.
8:57 of 3rd period - Deflect By Brad Marchand.
8:57 of 3rd period - Shot Blocked by Tyler Seguin.
8:57 of 3rd period - Puck is out of play.
8:58 of 3rd period - Joe Thornton wins face-off versus Eric Staal in Capitals zone.
9:23 of 3rd period - Backhand shot by Jaromir Jagr.
9:23 of 3rd period - Shot Misses the Net.
9:31 of 3rd period - Paul Martin is hit by Derek Meech and loses puck.
9:52 of 3rd period - Slapshot by Michel Ouellet.
9:52 of 3rd period - Stopped by Craig Anderson with a rebound.
9:54 of 3rd period - Wrist shot by Steve Regier.
9:54 of 3rd period - Stopped by Craig Anderson without a rebound.
9:55 of 3rd period - Eric Staal wins face-off versus Joe Thornton in Capitals zone.
10:09 of 3rd period - Minor Penalty to Joe Thornton for High sticking.
10:10 of 3rd period - Shane Doan wins face-off versus Eric Staal in Capitals zone.
10:20 of 3rd period - Wrist shot by David Backes.
10:20 of 3rd period - Stopped by Craig Anderson without a rebound.
10:21 of 3rd period - Eric Staal wins face-off versus Shane Doan in Capitals zone.
10:22 of 3rd period - Backhand shot by Alexander Semin.
10:22 of 3rd period - Shot Blocked by Paul Martin.
11:13 of 3rd period - Shane Doan is hit by Jordin Tootoo and loses puck.
12:09 of 3rd period - Penalty to Joe Thornton is over, Joe Thornton is back on ice.
12:14 of 3rd period - Michal Rozsival is hit by Brendan Mikkelson and loses puck.
12:29 of 3rd period - Snap shot by Joe Thornton.
12:29 of 3rd period - Shot Misses the Net.
12:39 of 3rd period - Wrist shot by Ondrej Palat.
12:39 of 3rd period - Shot Blocked by Brendan Mikkelson.
12:41 of 3rd period - Slapshot by François Beauchemin.
12:41 of 3rd period - Shot Blocked by Brendan Mikkelson.
12:43 of 3rd period - Wrist shot by Ondrej Palat.
12:43 of 3rd period - Capitals goal is going for a video replay.
12:43 of 3rd period - The goal is refused. The attacking player has interfered with a goalkeeper in his goal crease..
12:44 of 3rd period - Tyler Seguin wins face-off versus Colin Wilson in Flames zone.
12:49 of 3rd period - Wrist shot by Tyler Seguin.
12:49 of 3rd period - Shot Misses the Net.
12:53 of 3rd period - Snap shot by Jamie Benn.
12:53 of 3rd period - Shot Blocked by Lubomir Visnovsky.
12:55 of 3rd period - Snap shot by Jamie Benn.
12:55 of 3rd period - Shot Blocked by Lubomir Visnovsky.
12:57 of 3rd period - Slapshot by Christian Ehrhoff.
12:57 of 3rd period - Deflect By Tyler Seguin.
12:57 of 3rd period - Shot Misses the Net.
12:57 of 3rd period - Puck is out of play.
12:58 of 3rd period - Brian Boyle wins face-off versus David Backes in Flames zone.
13:01 of 3rd period - Wrist shot by Patrick Marleau.
13:01 of 3rd period - Stopped by Pekka Rinne with a rebound.
13:03 of 3rd period - Snap shot by Adam Larsson.
13:03 of 3rd period - Stopped by Pekka Rinne without a rebound.
13:04 of 3rd period - David Backes wins face-off versus Brian Boyle in Flames zone.
13:04 of 3rd period - David Backes is hit by T.J. Oshie.
13:07 of 3rd period - Minor Penalty to David Backes for Cross-checking.
13:08 of 3rd period - Joe Thornton wins face-off versus Mikhail Grabovski in Flames zone.
13:46 of 3rd period - Snap shot by Jamie Benn.
13:46 of 3rd period - Shot Blocked by Mikhail Grabovski.
14:56 of 3rd period - Ron Hainsey is hit by Ondrej Palat and loses puck.
15:07 of 3rd period - Penalty to David Backes is over, David Backes is back on ice.
16:26 of 3rd period - Wrist shot by Mikhail Grabovski.
16:26 of 3rd period - Deflect By Chris Kunitz.
16:26 of 3rd period - Shot Blocked by Matt Irwin.
16:26 of 3rd period - Puck is out of play.
16:27 of 3rd period - Brian Boyle wins face-off versus Mikhail Grabovski in Capitals zone.
16:32 of 3rd period - Snap shot by Chris Kunitz.
16:32 of 3rd period - Goal by Chris Kunitz - Flames : 4 - Capitals : 6.
16:33 of 3rd period - Eric Staal wins face-off versus Brian Boyle in neutral zone.
16:46 of 3rd period - Snap shot by Paul Martin.
16:46 of 3rd period - Shot Misses the Net.
17:48 of 3rd period - Brendan Mikkelson is hit by Jamie Benn.
18:27 of 3rd period - Snap shot by Brian Boyle.
18:27 of 3rd period - Shot Misses the Net.
19:11 of 3rd period - Snap shot by Jamie Benn.
19:11 of 3rd period - Stopped by Pekka Rinne without a rebound.
19:12 of 3rd period - Brian Boyle wins face-off versus Colin Wilson in Flames zone.
Goals for this period are 0 for Flames vs 2 for Capitals.
Shots for this period are 8 for Flames vs 11 for Capitals.